 Dungeon Crawl Stone Soup version 0.31-a0-167-g1c394c0614 (webtiles) character file.

Game seed: 1631409623348510798

582 qw the Shooter (level 7, -2/43 HPs)
             Began as a Gargoyle Hunter on June 14, 2023.
             Slain by Pikel
             ... wielding a +2 whip of freezing
              (5 damage)
             ... on level 4 of the Dungeon.
             The game lasted 00:01:22 (3398 turns).

qw the Shooter (Gargoyle Hunter)                    Turns: 3398, Time: 00:01:22

Health: -2/43      AC: 13    Str: 17    XL:     7   Next: 36%
Magic:  7/7        EV: 12    Int: 13    God:
Gold:   133        SH:  0    Dex: 19    Spells: 6/6 levels left

rFire   . . .        Y - +1 shortbow
rCold   . . .        (shield currently unavailable)
rNeg    + . .        f - +2 ring mail {rPois}
rPois   inf          l - +0 helmet
rElec   +            (no cloak)
rCorr   .            (no gloves)
SInv    .            (no boots)
Will    +....        (no amulet)
Stlth   +            e - ring of willpower
HPRegen 0.27/turn    j - +6 ring of dexterity
MPRegen 0.10/turn

%: clarity
@: about to teleport
A: sickness immunity, AC +4, negative energy resistance 1, electricity
resistance, torment resistance 1, petrification resistance, talons 1, clarity,
clever 1, strong 1
a: no special abilities


You were on level 4 of the Dungeon.
You visited 1 branch of the dungeon, and saw 4 of its levels.
You also visited: Sewer.

You collected 133 gold pieces.


Innate Abilities, Weirdness & Mutations

You are immune to sickness and miasma.
Your stone body is resilient. (AC +4)
You are immune to poison.
You resist negative energy. (rN+)
You are resistant to electric shocks. (rElec)
You are resistant to unholy torment.
You are immune to petrification.
You have sharp toenails.
You possess an exceptional clarity of mind.
Your mind is acute. (Int +4, Str/Dex -1)
Your muscles are strong. (Str +4, Int/Dex -1)


   Skills:
 - Level 4.0 Fighting
 + Level 7.6 Ranged Weapons
 - Level 1.0 Armour
 - Level 2.5 Dodging
 - Level 1.1 Stealth


You had 6 spell levels left.
You didn't know any spells.
Your spell library was empty.

Inventory:

Hand Weapons
 Y - a +1 shortbow (weapon)
Armour
 f - a +2 ring mail of poison resistance (worn)
 l - a +0 helmet (worn)
Jewellery
 e - a ring of willpower (left hand)
 j - a +6 ring of dexterity (right hand)
Scrolls
 a - a scroll of identify
 b - 2 scrolls of teleportation
Potions
 c - 2 potions of attraction
 d - a potion of heal wounds {unknown}
 g - a potion of mutation
 h - a potion of curing
 i - a potion of experience {unknown}

Dungeon Overview and Level Annotations

Branches:
Dungeon (4/15)              Sewer (visited)
 Temple: D:4-7

Altars:
Ru

Annotations:
D:4 Pikel


Message History

You shoot an arrow.
The arrow hits Pikel but does no damage.
Pikel is moderately wounded.
Pikel misses you.
You shoot an arrow.
The arrow hits Pikel but does no damage.
Pikel is moderately wounded.
Pikel closely misses you.
You shoot an arrow. The arrow barely misses Pikel.
The arrow hits the lemure!
The lemure is almost dead.
Pikel hits you with a +2 whip of freezing.
Pikel freezes you.
You shoot an arrow. The arrow hits Pikel!
Pikel is heavily wounded.
Pikel hits you with a +2 whip of freezing.
Pikel freezes you.
You shoot an arrow. The arrow barely misses Pikel.
The arrow misses the lemure.
Pikel misses you.
You shoot an arrow.
The arrow hits Pikel but does no damage.
Pikel is heavily wounded.
Pikel hits you but does no damage.
You shoot an arrow. The arrow barely misses Pikel.
The arrow closely misses the lemure.
Pikel misses you.
You shoot an arrow. The arrow hits Pikel.
Pikel is heavily wounded.
Pikel hits you with a +2 whip of freezing!
Pikel freezes you.
3397 ||| READING 3 scrolls of teleportation.
As you read the scroll of teleportation, it crumbles to dust.
You feel strangely unstable. Pikel hits you but does no damage.
You shoot an arrow. The arrow closely misses Pikel.
The arrow hits the lemure but does no damage.
The lemure is almost dead.
Pikel hits you with a +2 whip of freezing.
Pikel freezes you.
Pikel hits you with a +2 whip of freezing.
You die...

#.......##...##.###
#.......##...##.#..
#........#......#..
#........#......#..
#######.......'......+..
[.....####+########+##..
.....5#......#..........
....55K......#..........
#@.....#..........
#......#........##
#######......+........#.
#.(..........#........+.
#............#........#.
#............#........#.
##...###+###'#........##
#######...#..........########
#....#....#..........#.......


You could see Pikel (resistant) and 3 lemures.

Vanquished Creatures
  A black bear (D:4)
  An ogre (D:4)
  A scorpion (D:4)
  An orc priest (D:3)
  Jessica (D:3)
  Natasha (D:3)
  Robin (D:3)
  3 gnolls (D:2)
  14 adders
  3 river rats (D:3)
  2 worms (D:3)
  3 dart slugs
  2 orcs (D:3)
  4 bats
  6 endoplasms
  6 giant cockroaches
  12 goblins
  7 hobgoblins
  3 ball pythons
  5 frilled lizards
  2 kobolds (D:1)
  7 rats
86 creatures vanquished.

Notes
Turn   | Place    | Note
-------+----------+-------------------------------------------
     0 | D:1      | qw the Gargoyle Hunter began the quest for the Orb.
     0 | D:1      | Reached XP level 1. HP: 12/12 MP: 1/1
     0 | D:1      | 0 ||| qw: Version: 0.2-a-29-g1fa15c8
     0 | D:1      | 0 ||| qw: Game counter: 5010
     0 | D:1      | 0 ||| qw: Always use a shield: true
     0 | D:1      | 0 ||| qw: God list: Okawaru
     0 | D:1      | 0 ||| qw: Allow faded altars: false
     0 | D:1      | 0 ||| qw: Do Orc after D:15 true
     0 | D:1      | 0 ||| qw: Do second Lair branch before Depths: true
     0 | D:1      | 0 ||| qw: Lair rune preference: random
     0 | D:1      | 0 ||| qw: Plans: Normal, Zot:1-4, Slime:5, God:TSO, Crypt,
                  | Tomb, Abyss, Pan, Hells, Win
     0 | D:1      | 0 ||| PLANNING D:1-11
    19 | D:1      | 19 ||| FLEEEEING.
    20 | D:1      | 20 ||| FLEEEEING.
    21 | D:1      | 21 ||| FLEEEEING.
    22 | D:1      | 22 ||| FLEEEEING.
   323 | D:1      | Reached XP level 2. HP: 15/17 MP: 2/2
   580 | D:1      | Reached XP level 3. HP: 19/21 MP: 3/3
   599 | D:1      | Reached skill level 5 in Ranged Weapons
   970 | D:1      | 970 ||| UPGRADING to +2 ring mail of poison resistance.
   980 | D:1      | 980 ||| DROPPING +0 leather armour.
   981 | D:1      | 981 ||| READING scroll labelled EZEREA ALUZ.
   982 | D:1      | 982 ||| READING scroll labelled LUSUVA HELUI.
   983 | D:1      | 983 ||| READING scroll labelled NORATY DOW WEIZUGI.
   984 | D:1      | 984 ||| READING scroll labelled VEDYBL MYEKH.
   985 | D:1      | 985 ||| DROPPING scroll of butterflies.
  1238 | D:2      | Reached skill level 1 in Armour
  1580 | D:2      | Reached skill level 3 in Fighting
  1580 | D:2      | Reached XP level 4. HP: 28/28 MP: 4/4
  1633 | D:2      | 1633 ||| DROPPING +6 ring of intelligence.
  1634 | D:2      | 1634 ||| UPGRADING to ring of willpower.
  1635 | D:2      | 1635 ||| UPGRADING to +6 ring of dexterity.
  1636 | D:2      | 1636 ||| READING scroll labelled NAWKOO MUVAKYSO.
  1641 | D:2      | 1641 ||| READING scroll labelled MUVINNIADA.
  1642 | D:2      | 1642 ||| DRINKING 3 smoky coppery potions.
  1671 | D:3      | 1671 ||| PLANNING SEWER
  1790 | D:3      | Reached XP level 5. HP: 31/32 MP: 5/5
  1891 | D:3      | Noticed Robin
  1905 | D:3      | Killed Robin
  1973 | D:3      | Noticed Natasha
  1978 | D:3      | Killed Natasha
  1979 | D:3      | Reached skill level 6 in Ranged Weapons
  2050 | D:3      | Noticed Jessica
  2054 | D:3      | Killed Jessica
  2134 | D:3      | Reached XP level 6. HP: 38/38 MP: 6/6
  2272 | D:3      | Found a glowing drain.
  2275 | D:3      | 2275 ||| UPGRADING to +0 helmet.
  2280 | D:3      | 2280 ||| READING scroll labelled DYNOENOUNK.
  2281 | D:3      | 2281 ||| READING scroll labelled NOSSOG IPTIUZ.
  2288 | Sewer    | Entered a sewer
  2305 | Sewer    | 2305 ||| Stepping ~*~*~tactically~*~*~ (water).
  2307 | Sewer    | 2307 ||| Stepping ~*~*~tactically~*~*~ (water).
  2518 | Sewer    | 2518 ||| READING 3 scrolls labelled SENAHU YQUH.
  2547 | Sewer    | 2547 ||| DRINKING 2 sedimented puce potions.
  2547 | Sewer    | Gained mutation: You have sharp toenails. [potion of
                  | mutation]
  2547 | Sewer    | Gained mutation: Your mind is acute. (Int +4, Str/Dex -1)
                  | [potion of mutation]
  2547 | Sewer    | Gained mutation: You possess an exceptional clarity of
                  | mind. [potion of mutation]
  2547 | Sewer    | Gained mutation: Your muscles are strong. (Str +4, Int/Dex
                  | -1) [potion of mutation]
  2548 | Sewer    | 2548 ||| DRINKING 2 fuming orange potions.
  2549 | Sewer    | 2549 ||| DRINKING 2 fuming sapphire potions.
  2550 | Sewer    | 2550 ||| DRINKING 3 fuming green potions.
  2551 | Sewer    | 2551 ||| DROPPING 2 scrolls of torment.
  2552 | Sewer    | 2552 ||| DROPPING potion of enlightenment.
  2553 | Sewer    | 2553 ||| DROPPING 2 potions of brilliance.
  2590 | D:3      | 2590 ||| PLANNING D:1-11
  2830 | D:3      | 2830 ||| READING scroll labelled PEEXIS ZYCETI.
  2913 | D:4      | Reached skill level 7 in Ranged Weapons
  2924 | D:4      | Found a sacrificial altar of Ru.
  3002 | D:4      | Noticed a black bear
  3009 | D:4      | Killed a black bear
  3010 | D:4      | Reached XP level 7. HP: 43/43 MP: 7/7
  3374 | D:4      | Noticed Pikel
  3396 | D:4      | HP: 9/43 [Pikel/+2 whip of freezing (3)]
  3397 | D:4      | 3397 ||| READING 3 scrolls of teleportation.
  3398 | D:4      | HP: 4/43 [Pikel/+2 whip of freezing (6)]
  3398 | D:4      | Slain by Pikel

Levels and vault maps discovered:
D:1:      dpeg_arrival_arbitrary_b, layout_basic
D:2:      layout_basic, kennysheep_big_empty_room
D:3:      layout_basic, lightli_sewer_entry_pipes, nicolae_half_adder,
          uniq_robin, uniq_natasha, uniq_jessica
D:4:      layout_gridville, nicolae_ru_sacrificial_ziggurat, uniq_pikel

Skill      XL: |  1  2  3  4  5  6 |
---------------+-------------------+-----
Ranged Weapons | 5 6 7 |  7.6
Armour         | 1 |  1.0
Fighting       | 3 4 |  4.0
Dodging        | 2 |  2.5
Stealth        | |  1.1

Action                     |  1- 3 |  4- 6 |  7- 9 || total
---------------------------+-------+-------+-------++-------
   Fire: Shortbow          |    73 |   199 |    45 ||   317
    Use: Scroll            |     4 |     6 |     1 ||    11
         Potion            |       |     5 |       ||     5
 Armour: Leather armour    |     9 |       |       ||     9
         Ring mail         |     1 |    42 |     9 ||    52
  Dodge: Dodged            |     9 |    61 |    14 ||    84

Table legend:
 A = Non-vault XP
 B = Vault XP
 C = Vault XP percentage of total XP
 D = Non-vault monster count
 E = Vault monster count
 F = Vault count percentage of total count
                 A         B        C        D         E       F
            +---------+---------+-------+---------+---------+-------
      Total |     527 |     305 |  36.7 |      49 |      37 |  43.0
            +---------+---------+-------+---------+---------+-------
        D:1 |      44 |       0 |   0.0 |      23 |       0 |   0.0
        D:2 |      71 |       0 |   0.0 |       6 |       0 |   0.0
        D:3 |      62 |     255 |  80.4 |      10 |      24 |  70.6
        D:4 |     350 |       0 |   0.0 |      10 |       0 |   0.0
      Sewer |       0 |      50 | 100.0 |       0 |      13 | 100.0
            +---------+---------+-------+---------+---------+-------
